 Dungeon Crawl Stone Soup version 0.24.0-123-gd5b16e6ec5 (webtiles) character file.

Game seed: 4839171843129511007, levelgen mode: deterministic

125596 vurker the Stormcaller (level 16, -1/98 HPs)
             Began as a Tengu Air Elementalist on Dec 19, 2019.
             Was the Champion of Vehumet.
             Succumbed to a redback's poison
             ... on level 4 of the Lair of Beasts.
             The game lasted 01:19:50 (40831 turns).

vurker the Stormcaller (Tengu Air Elementalist)    Turns: 40831, Time: 01:19:51

Health: -1/98      AC:  7    Str: 10    XL:     16   Next: 96%
Magic:  20/49      EV: 20    Int: 25    God:    Vehumet [******]
Gold:   1823       SH: 11    Dex: 16    Spells: 25/41 levels left

rFire    + . .     SeeInvis .   a - staff of power
rCold    + . .     Gourm    .   p - +0 shield {reflect}
rNeg     . . .     Faith    .   H - +2 robe {rC+ rF+}
rPois    .         Spirit   .   (helmet restricted)
rElec    .         Reflect  +   y - +0 cloak
rCorr    .         Harm     .   S - +1 pair of gloves
MR       ++...                  (boots unavailable)
Stlth    ++........             G - amulet of magic regeneration
HPRegen  0.26/turn              o - ring of protection from magic
MPRegen  0.56/turn              O - +5 ring of intelligence

@: lethally poisoned (-1 -> -96), about to teleport, flying quickly and
evasively, studying Shields, quick
A: beak, talons 3, able to fly
a: Stop Flying, Renounce Religion


You were on level 4 of the Lair of Beasts.
You worshipped Vehumet.
Vehumet was exalted by your worship.
You were not hungry.

You visited 5 branches of the dungeon, and saw 25 of its levels.
You also visited: Bailey.

You collected 2856 gold pieces.
You spent 1033 gold pieces at shops.

Inventory:

Hand Weapons
 b - the +8 whip "Ehabusa" {slash, Str+2 Dex+2}
   (You found it on level 12 of the Dungeon)

   It inflicts extra damage upon your enemies.
   It affects your strength (+2).
   It affects your dexterity (+2).
Missiles
 R - a throwing net (quivered)
Armour
 p - a +0 shield of reflection (worn)
   (You took it off Donald on level 2 of the Orcish Mines)
 y - a +0 cloak (worn)
   (You found it on level 7 of the Dungeon)
 H - a +2 robe of resistance (worn)
   (You took it off an orc wizard on level 11 of the Dungeon)
 S - a +1 pair of gloves (worn)
   (You found it on level 2 of the Lair of Beasts)
Magical Staves
 a - an uncursed staff of power (weapon)
   (You found it on level 4 of the Dungeon)
Jewellery
 o - a ring of protection from magic (left hand)
   (You found it on level 3 of the Dungeon)
 G - an amulet of magic regeneration (around neck)
   (You found it on level 8 of the Dungeon)
 K - the ring of Xefing {-Tele rPois EV+5 Stlth+}
   (You found it on level 4 of the Lair of Beasts)

   [ring of evasion]

   It affects your evasion (+5).
   It protects you from poison.
   It prevents most forms of teleportation.
   It makes you more stealthy.
 O - a +5 ring of intelligence (right hand)
   (You found it on level 10 of the Dungeon)
 P - an uncursed ring of poison resistance
   (You found it on level 10 of the Dungeon)
Wands
 c - a wand of disintegration (5)
   (You found it on level 6 of the Dungeon)
 d - a wand of iceblast (13)
   (You found it on level 1 of the Lair of Beasts)
 t - a wand of flame (45)
   (You took it off Duvessa on level 6 of the Dungeon)
 u - a wand of paralysis (18)
   (You found it on level 10 of the Dungeon)
 v - a wand of digging (9)
   (You took it off a crimson imp on level 11 of the Dungeon)
 w - a wand of scattershot (9)
   (You found it on level 3 of the Lair of Beasts)
 x - a wand of acid (20)
   (You took it off Urug on level 4 of the Lair of Beasts)
 z - a wand of enslavement (7)
   (You found it on level 6 of the Dungeon)
 E - a wand of clouds (5)
   (You found it on level 2 of the Lair of Beasts)
 T - a wand of polymorph (10)
   (You found it on level 7 of the Dungeon)
Scrolls
 f - a scroll of enchant weapon
 g - 8 scrolls of amnesia
 h - 7 scrolls of teleportation
 i - 3 scrolls of immolation
 m - 8 scrolls of remove curse
 n - 3 scrolls of fog
 q - 9 scrolls of enchant armour
 B - 3 scrolls of magic mapping
 C - a scroll of blinking
 D - a scroll of brand weapon
 J - 8 scrolls of identify
 M - 3 scrolls of fear
 U - 3 scrolls of summoning
Potions
 j - 6 potions of heal wounds
 k - a potion of invisibility
 l - 6 potions of curing
 s - a potion of mutation
 F - a potion of cancellation
 I - 2 potions of lignification
 L - a potion of haste
 N - 7 potions of brilliance
 Q - 4 potions of resistance
 V - a potion of magic
Books
 A - a manual of Shields
   (You found it in a bailey)
Comestibles
 e - 44 rations


   Skills:
 + Level 10.3 Fighting
 + Level 8.0 Dodging
 - Level 2.0 Stealth
 * Level 10.1 Shields
 * Level 13.2 Spellcasting
 * Level 18.6 Conjurations
 * Level 19.4 Air Magic


You had 25 spell levels left.
You knew the following spells:

 Your Spells              Type           Power        Failure   Level  Hunger
a - Shock                 Conj/Air       ####         0%          1    None
b - Lightning Bolt        Conj/Air       #######...   1%          5    ###....
c - Airstrike             Air            #######...   0%          4    None
q - Olgreb's Toxic Radia  Pois           ###.....     17%         4    None
w - Sublimation of Blood  Necr           ###.......   10%         2    None

Your spell library contained the following spells:

 Spells                   Type           Power        Failure   Level  Hunger
 Spellforged Servitor     Conj/Summ      ######....   30%         7    ######.
 Magic Dart               Conj           ####         0%          1    None
 Static Discharge         Conj/Air       #######.     0%          3    None
 Flame Tongue             Conj/Fire      #####        1%          1    None
 Freeze                   Ice            ###.         1%          1    None
 Swiftness                Chrm/Air       ######..     1%          2    None
 Throw Frost              Conj/Ice       ######       1%          2    None
 Conjure Flame            Conj/Fire      ######..     1%          3    None
 Mephitic Cloud           Conj/Pois/Air  ######..     1%          3    None
 Summon Lightning Spire   Summ/Air       ######..     1%          4    None
 Throw Icicle             Conj/Ice       ######..     1%          4    None
 Irradiate                Conj/Tmut      ######....   1%          5    ###....
 Bolt of Magma            Conj/Fire/Erth #####.....   4%          5    ###....
 Ignite Poison            Fire/Tmut/Pois ###.....     5%          3    None
 Inner Flame              Hex/Fire       ###.....     5%          3    None
 Bolt of Fire             Conj/Fire      ######....   6%          6    #####..
 Iron Shot                Conj/Erth      ######....   6%          6    #####..
 Animate Skeleton         Necr           N/A          7%          1    None
 Apportation              Tloc           ###...       7%          1    None
 Confusing Touch          Hex            ###...       7%          1    None
 Corona                   Hex            ###....      7%          1    None
 Infusion                 Chrm           ###.         7%          1    None
 Pain                     Necr           ###.         7%          1    None
 Summon Butterflies       Summ           ###.....     7%          1    None
 Summon Small Mammal      Summ           ###.         7%          1    None
 Blink                    Tloc           N/A          10%         2    None
 Call Imp                 Summ           ###.....     10%         2    None
 Shroud of Golubria       Chrm/Tloc      ###...       10%         2    None
 Slow                     Hex            ###.....     10%         2    None
 Song of Slaying          Chrm           ###.....     10%         2    None
 Call Canine Familiar     Summ           ###.....     21%         3    None
 Confuse                  Hex            ###.....     21%         3    None
 Gell's Gravitas          Tloc           ###.......   21%         3    None
 Lesser Beckoning         Tloc           ###.......   21%         3    None
 Ozocubu's Armour         Chrm/Ice       ###.....     21%         3    None
 Portal Projectile        Hex/Tloc       ###...       21%         3    None
 Regeneration             Chrm/Necr      ###.......   21%         3    None
 Spectral Weapon          Hex/Chrm       ###.....     21%         3    None
 Summon Guardian Golem    Hex/Summ       ###.....     21%         3    None
 Tukima's Dance           Hex            ###.....     21%         3    None
 Vampiric Draining        Necr           ###.......   21%         3    None
 Yara's Violent Unravell  Hex/Tmut       ###.......   41%         5    ###....
 Animate Dead             Necr           N/A          54%         4    None
 Cause Fear               Hex            ###.......   54%         4    None
 Leda's Liquefaction      Hex/Erth       ###.......   54%         4    None
 Petrify                  Tmut/Erth      ###.....     54%         4    None
 Summon Ice Beast         Ice/Summ       ###.....     54%         4    None
 Alistair's Intoxication  Tmut/Pois      ###.....     88%         5    ###....
 Metabolic Englaciation   Hex/Ice        ###.......   88%         5    ###....
 Invisibility             Hex            ###.....     100%        6    #####..
 Statue Form              Tmut/Erth      ###......    100%        6    #####..
 Dragon Form              Tmut           ###.......   100%        7    ######.
 Dragon's Call            Summ           ###.......   100%        9    #######
 Shatter                  Erth           ###.......   100%        9    #######


Dungeon Overview and Level Annotations

Branches:
Dungeon (15/15)            Temple (1/1) D:5            Lair (6/6) D:10
 Shoals (0/4) Lair:2       Spider (1/4) Lair:4        Slime (0/5) Lair:5
    Orc (2/2) D:11            Elf (0/3) Orc:2        Vaults (0/5) D:13
 Depths (0/5) D:15         Bailey (visited)

Altars:
Ashenzari
Cheibriados
Dithmenos
Elyvilon
Fedhas
Gozag
Hepliaklqana
Kikubaaqudgha
Makhleb
Nemelex Xobeh
Okawaru
Qazlal
Ru
Sif Muna
Trog
Uskayaw
Vehumet
Wu Jian
Xom
Yredelemnul
Zin
The Shining One

Shops:
D:8 }   Orc:1 =   Orc:2 ?[:!%

Annotations:
D:4 3 runed translucent doors, Xiguana's ghost, amateur VSIE
Spider:1 Nikola


Innate Abilities, Weirdness & Mutations

You have a beak for a mouth.
You have claws for feet.
You can fly continuously.


Message History

The redback bites you.
Nikola gestures wildly while chanting.
Nikola blinks!
You block the redback's attack.
There is a crawl-hole back to the Lair here.
The demonic crawler hits you. The demonic crawler misses you.
You block the demonic crawler's attack.
You fly upwards.
Welcome back to the Lair of Beasts!
There is a hole to the Spider Nest here.
You begin to radiate toxic energy.
The redback is poisoned.
The redback looks even sicker.
The redback misses you. You block the demonic crawler's attack.
The demonic crawler completely misses you.
The demonic crawler hits you. The redback bites you!
You are caught in the web!
There is a web here.
You struggle to detach yourself from the web.
Your toxic aura wanes.
The demonic crawler closely misses you. The demonic crawler barely misses you.
The demonic crawler hits you! The redback bites you!
* * * LOW HITPOINT WARNING * * *
You are poisoned.
The redback poisons you! The demonic crawler closely misses you.
The demonic crawler hits you.
* * * LOW HITPOINT WARNING * * *
The demonic crawler hits you but does no damage.
The redback closely misses you.
You disentangle yourself.
You feel very sick. The redback bites you!
* * * LOW HITPOINT WARNING * * *
You are lethally poisoned!
The redback poisons you! You block the demonic crawler's attack.
The demonic crawler completely misses you.
The demonic crawler misses you.
* * * LOW HITPOINT WARNING * * *
You feel very sick. You block the redback's attack. The redback bites you!
* * * LOW HITPOINT WARNING * * *
You are more poisoned.
The redback poisons you!
As you read the scroll of teleportation, it crumbles to dust.
You feel strangely unstable.
* * * LOW HITPOINT WARNING * * *
You feel extremely sick. The demonic crawler misses you.
The demonic crawler closely misses you. The demonic crawler barely misses you.
You block the redback's attack. The demonic crawler closely misses you.
The demonic crawler completely misses you. x2
You die...

### ### ##.####.########
###
###.........##.#.######..
##..............#......>..
#..............#.#........
#..............##..##.###.
##......^......##...#.# ##
##.^........#..##...####
#^.....@.^##...#.#....##
#.###^..^^##...........#
####^^ss^^#...#..##.P..#
####
#.###^^>^#.....#######..
...## ###..^##^^^.....##
#...
....####P....^##...^^#.#
#...
......###..........^^#.###
##..
......##...^....^.^^##...#
##...
...(.........^...##^#..#.#
#....


You could see a demonic crawler and a redback.

Vanquished Creatures
  Jorgrun (D:14)
  Rupert (Orc:1)
  Donald (Orc:2)
  2 orc warlords (Orc:2)
  Aizul (Spider:1)
  Snorg (D:14)
  2 fire dragons (Lair:6)
  2 vault guards (D:13)
  13 hydras
  A catoblepas (D:15)
  4 centaur warriors
  11 two-headed ogres
  7 death yaks
  A death knight (D:15)
  2 ogre magi (Orc:2)
  A vampire mage (D:15)
  An orc high priest (Orc:2)
  Urug (Lair:4)
  2 tengu warriors
  Nergalle (D:11)
  Sonja (Lair:5)
  2 skeletal warriors (D:15)
  A swamp dragon (Lair:6)
  2 deep trolls
  4 unseen horrors
  3 orc knights
  A wizard (D:13)
  2 phantasmal warriors (D:15)
  Pikel (D:6)
  4 necromancers
  A lindwurm (Lair:6)
  A stone giant zombie (D:15)
  An orc sorcerer (Orc:2)
  A deep elf mage (D:13)
  A wolf spider (Spider:1)
  3 manticores
  10 ugly things
  5 cyclopes
  4 elephants
  2 gargoyles
  2 black mambas
  8 spiny frogs
  6 torpor snails (Lair:6)
  3 freezing wraiths (D:15)
  2 rime drakes (Lair:6)
  3 kobold demonologists
  An efreet (D:15)
  A komodo dragon (Lair:1)
  2 ice devils (Orc:2)
  A yaktaur zombie (D:15)
  3 meliai
  11 trolls
  7 hornets
  A queen bee (D:12)
  5 tengu conjurers
  4 tyrant leeches (Lair:6)
  Prince Ribbit (D:5)
  A harpy skeleton (D:15)
  A polar bear (Lair:6)
  14 blink frogs
  5 dream sheep
  14 hippogriffs
  A fire dragon zombie (D:15)
  2 meliai zombies
  Sigmund (D:2)
  2 redbacks (Lair:4)
  A vampire (D:15)
  A spriggan (shapeshifter) (D:13)
  A spriggan (D:7)
  8 wraiths
  A wyvern (D:12)
  38 yaks
  4 shadows
  A tarantella (Spider:1)
  A basilisk (Lair:6)
  18 humans (D:13)
  2 steam dragons (Lair:6)
  Grum (D:8)
  A vampire mosquito (D:15)
  3 hungry ghosts
  An acid dragon (Lair:6)
  9 wargs
  A soldier ant (D:11)
  39 orc warriors
  Duvessa (D:6)
  A floating eye (D:15)
  9 water moccasins
  4 porcupines
  A swamp drake (Lair:6)
  3 black bears
  7 ice beasts
  3 phantoms
  3 sky beasts
  A slave (D:6)
  14 centaurs
  2 eyes of draining
  An eye of draining (shapeshifter) (D:13)
  11 wolves
  40 ogres
  A necrophage (D:10)
  8 crocodiles
  2 big kobolds
  9 bullfrogs
  Dowan (D:6)
  2 scorpions (D:7)
  A water moccasin skeleton (D:7)
  A wyvern skeleton (D:15)
  24 killer bees
  10 wights
  3 electric eels
  4 howler monkeys
  10 crimson imps
  A lava snake (D:7)
  2 bullfrog zombies
  A centaur zombie (D:12)
  3 jellies
  18 orc priests
  16 orc wizards
  6 bullfrog skeletons
  4 centaur skeletons
  7 hounds
  3 iguanas
  7 hell rats (Lair:1)
  A worker ant (D:12)
  A killer bee zombie (D:5)
  A hound zombie (D:5)
  A hound skeleton (D:7)
  2 gnolls (D:7)
  A worker ant zombie (D:9)
  A howler monkey zombie (D:9)
  13 adders
  4 shadow imps
  2 adder zombies
  An ooze (D:5)
  An adder skeleton (D:6)
  2 worms
  A dart slug (D:1)
  2 leopard geckos
  91 orcs
  4 ball pythons
  7 bats
  9 goblins
  5 hobgoblins
  13 jackals
  14 kobolds
  4 quokkas
  A ball python skeleton (D:4)
  3 frilled lizards
  A giant cockroach zombie (D:6)
  2 jackal skeletons
  A quokka skeleton (D:5)
  8 rats
  A butterfly (Lair:2)
782 creatures vanquished.

Vanquished Creatures (others)
  A centaur warrior (D:13)
  A spark wasp zombie (D:15)
  A cyclops (D:14)
  An orc wizard (D:6)
  A leopard gecko (D:6)
  A quokka skeleton (D:6)
  14 fungi
  26 plants
  3 withered plants (D:15)
49 creatures vanquished.

Grand Total: 831 creatures vanquished

Notes
Turn   | Place    | Note
-------+----------+-------------------------------------------
     0 | D:1      | vurker the Tengu Air Elementalist began the quest for the
                  | Orb.
     0 | D:1      | Reached XP level 1. HP: 10/10 MP: 4/4
   109 | D:1      | Reached XP level 2. HP: 15/15 MP: 0/6
   737 | D:1      | Reached XP level 3. HP: 17/20 MP: 3/7
  1319 | D:2      | Noticed Sigmund
  1330 | D:2      | Killed Sigmund
  1330 | D:2      | Reached skill level 1 in Fighting
  1330 | D:2      | Reached skill level 5 in Air Magic
  1330 | D:2      | Reached XP level 4. HP: 21/25 MP: 2/9
  1330 | D:2      | Gained mutation: You can fly continuously. [Tengu growth]
  1330 | D:2      | Reached XP level 5. HP: 24/29 MP: 2/10
  1340 | D:2      | Learned a level 5 spell: Lightning Bolt
  1345 | D:2      | Learned a level 4 spell: Airstrike
  1637 | D:2      | Found a glowing silver altar of Zin.
  1874 | D:2      | Found an ancient bone altar of Kikubaaqudgha.
  1984 | D:2      | Reached XP level 6. HP: 35/35 MP: 9/12
  2731 | D:3      | Found a snail-covered altar of Cheibriados.
  2791 | D:3      | Reached skill level 6 in Air Magic
  3068 | D:4      | Noticed a sky beast
  3071 | D:4      | Killed a sky beast
  3071 | D:4      | Reached skill level 5 in Conjurations
  3071 | D:4      | Reached XP level 7. HP: 40/40 MP: 0/13
  3398 | D:4      | Found a runed translucent gate.
  3398 | D:4      | Found a runed translucent gate.
  3398 | D:4      | Found a runed translucent gate.
  3405 | D:4      | Noticed Xiguana's ghost (amateur VSIE)
  3951 | D:5      | Entered Level 5 of the Dungeon
  4032 | D:5      | Noticed Prince Ribbit
  4495 | D:5      | Reached skill level 1 in Shields
  4811 | D:5      | Killed Prince Ribbit
  4811 | D:5      | Reached skill level 7 in Air Magic
  4811 | D:5      | Reached XP level 8. HP: 37/45 MP: 11/15
  5050 | D:5      | Found a burning altar of Makhleb.
  5064 | D:5      | Found a staircase to the Ecumenical Temple.
  5079 | Temple   | Entered the Ecumenical Temple
  5737 | D:6      | Reached skill level 5 in Spellcasting
  5961 | D:6      | Noticed Pikel
  6000 | D:6      | Killed Pikel
  6000 | D:6      | Reached skill level 8 in Air Magic
  6000 | D:6      | Reached XP level 9. HP: 34/52 MP: 8/18
  6750 | D:6      | Noticed Dowan
  6751 | D:6      | Noticed Duvessa
  6770 | D:6      | Killed Dowan
  6891 | D:6      | Killed Duvessa
  7043 | D:6      | Found a basalt altar of Yredelemnul.
  7046 | D:6      | Found a radiant altar of Vehumet.
  7051 | D:6      | Became a worshipper of Vehumet
  7055 | D:6      | Found a white marble altar of Elyvilon.
  7183 | D:7      | Reached skill level 9 in Air Magic
  7811 | D:7      | Found a flagged portal.
  7827 | Bailey   | Entered a bailey
  8679 | Bailey   | Reached * piety under Vehumet
  8679 | Bailey   | Offered knowledge of Flame Tongue by Vehumet.
  9117 | Bailey   | Found a roughly hewn altar of Beogh.
  9118 | Bailey   | Noticed an orc knight
  9142 | Bailey   | Reached skill level 10 in Air Magic
  9142 | Bailey   | Reached XP level 10. HP: 58/58 MP: 18/21
  9523 | Bailey   | Killed an orc knight
  9523 | Bailey   | Reached skill level 5 in Fighting
 10109 | D:7      | Reached skill level 10 in Conjurations
 10649 | D:8      | Found Vaojoeq's Gadget Emporium.
 10665 | D:8      | Found a sparkling altar of Nemelex Xobeh.
 11040 | D:8      | Noticed Grum
 11045 | D:8      | Killed Grum
 11354 | D:9      | Reached skill level 11 in Air Magic
 11457 | D:9      | Killed an unseen horror
 11684 | D:9      | Found a glowing golden altar of the Shining One.
 11984 | D:9      | Noticed a two-headed ogre
 12022 | D:9      | Killed a two-headed ogre
 12022 | D:9      | Reached XP level 11. HP: 64/64 MP: 24/24
 12463 | D:10     | Entered Level 10 of the Dungeon
 12664 | D:10     | Found a staircase to the Lair.
 12903 | D:10     | Noticed a centaur warrior
 12917 | D:10     | Killed a centaur warrior
 12917 | D:10     | Reached skill level 12 in Air Magic
 13603 | D:11     | Offered knowledge of Magic Dart by Vehumet.
 13605 | D:11     | Noticed Nergalle
 13663 | D:11     | Killed Nergalle
 13900 | D:11     | Reached skill level 14 in Air Magic
 13900 | D:11     | Reached XP level 12. HP: 71/71 MP: 25/25
 13933 | D:11     | Reached ** piety under Vehumet
 13964 | D:11     | Noticed a six-headed hydra
 13969 | D:11     | Killed a six-headed hydra
 14003 | D:11     | Found a hide-covered altar of Uskayaw.
 14053 | D:11     | Found a staircase to the Orcish Mines.
 14117 | D:11     | Got an encrusted spear
 14118 | D:11     | Identified the +8 spear of Xeshrew {venom, rF+ MR+ Dex-5}
                  | (You found it on level 11 of the Dungeon)
 14181 | D:11     | Identified the cursed +1 ring mail of Valiance {Dex+2}
 14321 | D:11     | Reached skill level 15 in Air Magic
 14524 | D:11     | Offered knowledge of Dazzling Spray by Vehumet.
 14915 | D:11     | Reached *** piety under Vehumet
 15480 | D:11     | Offered knowledge of Olgreb's Toxic Radiance by Vehumet.
 15486 | D:11     | Learned a level 4 spell: Olgreb's Toxic Radiance
 15802 | Lair:1   | Entered Level 1 of the Lair of Beasts
 15825 | Lair:1   | Reached XP level 13. HP: 76/76 MP: 27/27
 17354 | Lair:2   | Found a staircase to the Shoals.
 17818 | Lair:2   | Reached **** piety under Vehumet
 18296 | Lair:2   | Reached skill level 10 in Spellcasting
 18493 | Lair:2   | Offered knowledge of Bolt of Draining by Vehumet.
 18751 | Lair:2   | Found a staircase to the Shoals.
 19275 | Lair:3   | Reached skill level 16 in Air Magic
 19481 | Lair:3   | Found a dark tunnel.
 20153 | Lair:4   | Found a hole to the Spider Nest.
 20199 | Lair:4   | Found a gate leading to a gauntlet.
 20212 | Lair:4   | Noticed Urug
 20221 | Lair:4   | HP: 3/77 [acid (8)]
 20732 | Lair:4   | Got a translucent pewter ring
 20747 | Lair:4   | Identified the ring of Xefing {-Tele rPois EV+5 Stlth+}
                  | (You found it on level 4 of the Lair of Beasts)
 20751 | Lair:4   | Reached skill level 15 in Conjurations
 20822 | Lair:4   | Killed Urug
 21266 | Lair:4   | Got a polished war axe
 21907 | Lair:5   | Noticed Sonja
 21912 | Lair:5   | Killed Sonja
 21957 | Lair:5   | Found a staircase to the Slime Pits.
 22458 | Lair:6   | Entered Level 6 of the Lair of Beasts
 22947 | Lair:5   | Reached XP level 14. HP: 29/84 MP: 4/29
 23695 | Lair:5   | Reached ***** piety under Vehumet
 23695 | Lair:5   | Offered knowledge of Irradiate by Vehumet.
 24071 | Lair:6   | Reached skill level 17 in Air Magic
 25492 | Lair:6   | Found a runed translucent door.
 25817 | Lair:6   | Identified a scroll of acquirement
 25865 | Lair:6   | Reached skill level 5 in Dodging
 28112 | D:12     | Offered knowledge of Iskenderun's Mystic Blast by Vehumet.
 28388 | D:12     | Reached XP level 15. HP: 51/90 MP: 31/31
 28982 | D:12     | Got a jewelled whip
 28983 | D:12     | Identified the +8 whip "Ehabusa" {slash, Str+2 Dex+2} (You
                  | found it on level 12 of the Dungeon)
 29410 | D:12     | Found the +5 scythe "Finisher" {speed, eviscerate}
 29546 | Orc:1    | Entered Level 1 of the Orcish Mines
 29548 | Orc:1    | Reached skill level 18 in Air Magic
 30069 | Orc:2    | Entered Level 2 of the Orcish Mines
 30119 | Orc:2    | Found Wekhuh's Magic Scroll Shoppe.
 30385 | Orc:2    | Noticed Donald
 30400 | Orc:2    | Killed Donald
 30643 | Orc:2    | Noticed an orc warlord
 30731 | Orc:2    | Noticed Rupert
 30821 | Orc:1    | Killed Rupert
 31901 | Orc:2    | Noticed an orc warlord
 31942 | Orc:2    | Killed an orc warlord
 32045 | Orc:2    | Killed an orc warlord
 32045 | Orc:2    | Reached skill level 5 in Shields
 32231 | Orc:2    | Found the +12 Vampire's Tooth {vamp}
 32280 | Orc:2    | Found a staircase to the Elven Halls.
 32985 | Orc:2    | Offered knowledge of Spellforged Servitor by Vehumet.
 33697 | Orc:2    | Found Vuepnig's Book Boutique.
 33699 | Orc:2    | Found Mauracics's Food Shoppe.
 33707 | Orc:2    | Found Noatzoh's Armour Shop.
 33708 | Orc:2    | Found Bycwor's Distillery.
 33856 | Orc:2    | Bought a potion of mutation for 104 gold pieces
 33856 | Orc:2    | Bought a potion of heal wounds for 65 gold pieces
 33887 | Orc:2    | Bought 2 scrolls of identify for 64 gold pieces
 33887 | Orc:2    | Bought a scroll of identify for 32 gold pieces
 33887 | Orc:2    | Bought a scroll of fear for 56 gold pieces
 33887 | Orc:2    | Bought 3 scrolls of summoning for 456 gold pieces
 33887 | Orc:2    | Bought a scroll of identify for 32 gold pieces
 33887 | Orc:2    | Bought a scroll of fear for 56 gold pieces
 33887 | Orc:2    | Bought a scroll of teleportation for 48 gold pieces
 33887 | Orc:2    | Bought a scroll of blinking for 120 gold pieces
 34070 | Orc:1    | Found Enusuj's Jewellery Emporium.
 34553 | D:13     | Reached XP level 16. HP: 85/96 MP: 25/33
 35174 | D:13     | Identified the cursed +0 robe "Obliun" {Regen+ Int+2 Dex-3}
 35967 | D:13     | Found a gate to the Vaults.
 36835 | D:14     | Noticed Snorg
 36845 | D:14     | Killed Snorg
 36845 | D:14     | Reached skill level 19 in Air Magic
 37003 | D:14     | Got a translucent hand crossbow
 37193 | D:14     | Noticed Jorgrun
 37484 | D:14     | Reached skill level 10 in Fighting
 37682 | D:14     | Found an iron altar of Okawaru.
 37742 | D:14     | Killed Jorgrun
 38124 | D:14     | Got an ancient chain mail
 38217 | D:15     | Entered Level 15 of the Dungeon
 38232 | D:15     | Reached ****** piety under Vehumet
 38754 | D:15     | Got a scorched scale mail
 38758 | D:15     | Found a staircase to the Depths.
 39934 | D:15     | Reached skill level 10 in Shields
 40790 | Lair:4   | Learned a level 2 spell: Sublimation of Blood
 40791 | Spider:1 | Entered Level 1 of the Spider Nest
 40798 | Spider:1 | Noticed Aizul
 40806 | Spider:1 | Killed Aizul
 40814 | Spider:1 | Noticed Nikola
 40831 | Lair:4   | Succumbed to a redback's poison

Levels and vault maps discovered:
D:1:      dpeg_arrival_three_same_balls, layout_basic, st_stairs_12
D:2:      layout_loops_corners, kiku_gazebo_garden_becter, zin_statuary,
          uniq_sigmund
D:3:      layout_basic, marbit_many_paths
D:4:      layout_loops_ring, gammafunk_ghost_necromancy, first_ration
D:5:      layout_cave_pools, old_standard_altar, minmay_temple_entry_crystal_x,
          uniq_prince_ribbit1
D:6:      layout_cave_pools, grunt_temple_overflow_diamond, uniq_duvessa,
          uniq_pikel
D:7:      minmay_recursive_quarters, layout_rooms,
          lightli_bailey_entry_fortress, grunt_decor_one_mirror, the_bakery,
          kennysheep_generic_room_4
D:8:      layout_basic, nemelex_xobeh_ov_fountains_minmay, serial_shops,
          shop_coins, minmay_puff, uniq_grum
D:9:      layout_basic, nicolae_overflow_crystal_walls
D:10:     layout_rooms, lair_entry_dummy, grunt_tough_drop
D:11:     layout_gridville, orc_0_dummy, basic_altar, uniq_nergalle
D:12:     layout_rooms, special_room [special_room_bee],
          minmay_guarded_unrand_finisher
D:13:     layout_rooms, grunt_vaults_entry_tiered, kennysheep_decorative_pillar
D:14:     layout_basic, basic_altar, serial_bayou_lagoon_a, uniq_snorg,
          uniq_jorgrun
D:15:     gammafunk_depths_entry_grave, layout_basic, serial_park_tiny_1,
          onia_ninara_cookie
Temple:   oiseaux_autumnal_temple
Lair:1:   layout_layer_cave, grunt_megastairs_2
Lair:2:   layout_loops_ring, minmay_shoals_entry_beasts, grunt_megastairs_3,
          serial_bayou_shore_a, lemuel_fruit_fields
Lair:3:   layout_chaotic_city, nicolae_volcano_entry_hallway, lemuel_fruit_tree
Lair:4:   layout_cave_pods, spider_nest_entry_webs, gauntlet_entry_generic,
          uniq_urug
Lair:5:   layout_gridlike, dpeg_slime_entry_corner, uniq_sonja
Lair:6:   guppyfry_lair_end_dragon, layout_gridlike, wormcave,
          grunt_megastairs_5, infiniplex_staircase_pool, serial_bayou_shore_b
Spider:1: layout_chambers, uniq_nikola, uniq_aizul
Orc:1:    layout_caves, serial_shops, shop
Orc:2:    st_orc_open, layout_caves, serial_shops, nicolae_shop_trees,
          portal_ice_cave_demonic_guard, minmay_orc_treasury, uniq_donald,
          uniq_rupert

Skill      XL: |  1  2  3  4  5  6  7  8  9 10 11 12 13 14 15 16 |
---------------+-------------------------------------------------+-----
Conjurations   | 2 4 5 6 7 9 11 13 14 15 16 17 18 | 18.6
Fighting       | 1 2 3 4 5 6 8 9 10 | 10.3
Spellcasting   | 3 4 5 6 8 9 10 11 12 13 | 13.2
Air Magic      | 5 6 7 8 10 11 14 15 16 17 18 19 | 19.4
Shields        | 2 3 4 7 10 | 10.1
Dodging        | 3 5 6 8 |  8.0
Stealth        | |  2.0

Action                   |  1- 3 |  4- 6 |  7- 9 | 10-12 | 13-15 | 16-18 || total
-------------------------+-------+-------+-------+-------+-------+-------++-------
Melee: Short sword       |    11 |     1 |       |       |       |       ||    12
       Unarmed           |     2 |       |       |       |       |       ||     2
       Kick              |     3 |     1 |       |       |     6 |     1 ||    11
       Staff             |       |       |       |     1 |    11 |     5 ||    17
       Whip              |       |       |       |       |    10 |       ||    10
       Peck              |       |       |       |       |     5 |     3 ||     8
 Cast: Shock             |    49 |    66 |   290 |   129 |    21 |     3 ||   558
       Airstrike         |       |     2 |    59 |   266 |   906 |   324 ||  1557
       Lightning Bolt    |       |       |       |       |   119 |    49 ||   168
       Olgreb's Toxic Ra |       |       |       |       |       |     3 ||     3
 Abil: Fly               |       |       |     1 |       |       |       ||     1
Evoke: Wand              |       |       |       |     3 |       |     8 ||    11
  Use: Scroll            |       |       |     6 |     7 |    27 |     4 ||    44
       Potion            |       |       |       |     1 |       |     8 ||     9
 Stab: Sleeping          |     1 |       |       |       |       |       ||     1
  Eat: Chunk             |     2 |     5 |    28 |    25 |    31 |     9 ||   100
       Ration            |       |       |     2 |     1 |    12 |     4 ||    19
Armor: Robe              |     5 |       |     2 |     8 |    38 |    33 ||    86
Dodge: Dodged            |    11 |     9 |    55 |    63 |   230 |   100 ||   468
Block: Buckler           |       |       |    37 |    42 |   130 |       ||   209
       Shield            |       |       |       |       |    10 |    71 ||    81
       Reflection        |       |       |       |       |     7 |     5 ||    12
